 Dungeon Crawl Stone Soup version 0.23.2-1-ga50397a6bc (webtiles) character file.

Game seed: 14539206609993072749

78 NochnoyZador the Digger (level 4, 0/24 HPs)
             Began as a Gargoyle Earth Elementalist on May 1, 2019.
             Slain by Sigmund
             ... wielding a +0 scythe
              (7 damage)
             ... on level 3 of the Dungeon.
             The game lasted 00:09:09 (2252 turns).

NochnoyZador the Digger (GrEE)                      Turns: 2252, Time: 00:09:09

Health: 0/24       AC:  9    Str: 12    XL:     4   Next: 36%
Magic:  8/8        EV: 12    Int: 16    God:
Gold:   71         SH:  0    Dex: 10    Spells: 5/9 levels left

rFire    . . .     SeeInvis +   i - +0 short sword (flame)
rCold    . . .     Gourm    .   (no shield)
rNeg     + . .     Faith    .   c - +0 robe
rPois    ∞         Spirit   .   j - +2 helmet {SInv}
rElec    +         Reflect  .   (no cloak)
rCorr    .         Harm     .   s - +0 pair of gloves
MR       +....                  (no boots)
Stlth    ++........             (no amulet)
HPRegen  0.08/turn              m - ring of protection from magic
MPRegen  0.11/turn              (no ring)

@: no status effects
A: negative energy resistance 1, electricity resistance, unbreathing,
petrification resistance, rot immunity, AC +3
a: no special abilities


You were on level 3 of the Dungeon.
You were not hungry.

You visited 1 branch of the dungeon, and saw 3 of its levels.

You collected 71 gold pieces.

Inventory:

Hand Weapons
 h - a +0 club
 i - a +0 short sword of flaming (weapon)
Missiles
 b - 85 stones (quivered)
Armour
 c - a +0 robe (worn)
 g - a +0 buckler
 j - a +2 helmet of see invisible (worn)
 s - a +0 pair of gloves (worn)
 w - a +0 leather armour
Jewellery
 m - a ring of protection from magic (left hand)
Scrolls
 a - a scroll of remove curse
 e - a scroll of immolation {unknown}
 f - a scroll of identify
 l - a scroll of enchant weapon {unknown}
 o - a scroll of amnesia {unknown}
 p - a scroll of teleportation {unknown}
 r - a scroll of blinking {unknown}
 t - a scroll of magic mapping {unknown}
Potions
 k - a potion of agility {unknown}
 n - a potion of curing
 u - a potion of magic {unknown}
 v - 2 potions of invisibility {unknown}
Comestibles
 d - 4 rations


   Skills:
 - Level 1.5 Dodging
 - Level 2.1 Stealth
 * Level 3.2 Spellcasting
   Level 0.7 Transmutations
 * Level 5.0 Earth Magic


You had 5 spell levels left.
You knew the following spells:

 Your Spells              Type           Power        Failure   Level  Hunger
a - Sandblast             Erth           ###...       2%          1    None
b - Stone Arrow           Conj/Erth      ##....       21%         3    ###....

Your spell library contained the following spells:

 Spells                   Type           Power        Failure   Level  Hunger
 Passwall                 Tmut/Erth      ##......     9%          2    ##.....
 Petrify                  Tmut/Erth      ##......     50%         4    ####...
 Lee's Rapid Deconstruct  Erth           ###.......   54%         5    ######.


Dungeon Overview and Level Annotations

Branches:
Dungeon (3/15)

Altars:

Annotations:
D:3 Sigmund


Innate Abilities, Weirdness & Mutations

You are resistant to torment.
Your stone body is resilient. (AC +3)
You are immune to poison.
You resist negative energy. (rN+)
You are resistant to electric shocks. (rElec)
You can survive without breathing.
You are immune to petrification.
You are immune to rotting.


Message History

You see here a stone.
b - 85 stones (gained 1) Sigmund mumbles some strange words.
Sigmund flickers and vanishes for a moment.
Sigmund casts a spell at you. The puff of flame hits you.
Sigmund points at you and mumbles some strange words.
You resist with almost no effort. Sigmund casts a spell at you.
The magic dart hits you!
Sigmund giggles. "Time to reap what you sow."
Sigmund gestures at you while chanting. The puff of flame misses you.
There is an open door here.
Sigmund gestures at you while chanting. The magic dart hits you.
* * * LOW HITPOINT WARNING * * *
Sigmund laughs darkly.
Sigmund hits you from afar with a +0 scythe!
You die...

... #.# #########..... #.#
#....@......# ##+#.#
#@########..# #....#
#.#......#..# #....#
#.#......#..# #....#
#.######.#..# #.<..#####
#........#..########'#......
########@#.@........@#######
##'#.########..# #..@...#
#..# #......# #....
##......# #.#### #'......#
#.# ######......# #.#
#....'......######.##
#.####......#.......#


You could see Sigmund (invisible).

Vanquished Creatures
  An adder (D:2)
  A worm (D:2)
  2 dart slugs (D:1)
  A leopard gecko (D:3)
  6 bats
  3 giant cockroaches
  7 hobgoblins
  8 jackals (D:2)
  8 kobolds
  A ball python (D:1)
  6 frilled lizards
  4 goblins
  10 rats
58 creatures vanquished.

Notes
Turn   | Place    | Note
-------+----------+-------------------------------------------
     0 | D:1      | NochnoyZador the Gargoyle Earth Elementalist began the
                  | quest for the Orb.
     0 | D:1      | Reached XP level 1. HP: 10/10 MP: 3/3
   181 | D:1      | Reached XP level 2. HP: 8/15 MP: 5/5
   183 | D:1      | Reached skill level 4 in Earth Magic
   382 | D:1      | Reached XP level 3. HP: 18/19 MP: 6/6
   387 | D:1      | Learned a level 3 spell: Stone Arrow
  1069 | D:2      | Reached XP level 4. HP: 19/24 MP: 8/8
  1975 | D:3      | Noticed Sigmund
  2234 | D:3      | Reached skill level 5 in Earth Magic
  2252 | D:3      | Slain by Sigmund

Skill      XL: |  1  2  3  4 |
---------------+-------------+-----
Earth Magic    | 4 5 |  5.0
Spellcasting   | 3 |  3.2
Dodging        | |  1.5
Stealth        | |  2.1
Transmutations | |  0.7

Action                   |  1- 3 |  4- 6 || total
-------------------------+-------+-------++-------
Melee: Short sword       |   174 |   109 ||   283
       Unarmed           |     6 |       ||     6
  Use: Scroll            |     3 |     1 ||     4
 Stab: Sleeping          |     1 |     1 ||     2
  Eat: Chunk             |     1 |     4 ||     5
Armor: Robe              |    63 |    43 ||   106
Dodge: Dodged            |   118 |    82 ||   200
